 Dungeon Crawl Stone Soup version 0.29-a0-330-g52719c12eb (webtiles) character file.

Game seed: 3922652988492337533

8200 kae the Arsonist (level 10, -5/84 HPs)
             Began as a Demigod Fire Elementalist on Apr 23, 2022.
             Engulfed by a cloud of flame (7 damage)
             ... on level 9 of the Dungeon.
             The game lasted 00:09:42 (14404 turns).

kae the Arsonist (Demigod Fire Elementalist)       Turns: 14404, Time: 00:09:42

Health: -5/84      AC:  3    Str:  9    XL:     10   Next: 79%
Magic:  7/23       EV: 10    Int: 32    God:
Gold:   1488       SH: 14    Dex: 14    Spells: 4/21 levels left

rFire   + + .      SeeInvis .   i - staff of cold
rCold   x . .      Faith    .   C - +0 kite shield
rNeg    . . .      Spirit   .   F - +1 steam dragon scales
rPois   .          Reflect  +   (no helmet)
rElec   +          Harm     .   (no cloak)
rCorr   .          Rampage  .   (no gloves)
Will    +....                   y - +0 pair of boots
Stlth   ++........              D - amulet of Nemelex Xobeh's Scorn {Reflect rElec Int+3 SH+5}
HPRegen 0.24/turn               r - ring of fire
MPRegen 0.18/turn               q - ring of fire

@: corroded
A: high MP 1, forlorn, divine attributes
a: no special abilities


You were on level 9 of the Dungeon.
You visited 1 branch of the dungeon, and saw 9 of its levels.

You collected 2141 gold pieces.
You spent 653 gold pieces at shops.

Inventory:

Armour
 y - a +0 pair of boots (worn)
 C - a +0 kite shield (worn)
 F - +1 steam dragon scales (worn)
Magical Staves
 i - a staff of cold (weapon)
Jewellery
 a - a ring of fire
 g - a ring of willpower
 j - a +6 ring of dexterity
 q - a ring of fire (right hand)
 r - a ring of fire (left hand)
 u - a ring of ice
 w - a ring of willpower
 D - the amulet of Nemelex Xobeh's Scorn (around neck) {Reflect rElec Int+3 SH+5}
   (You bought it in a shop on level 4 of the Dungeon)

   [amulet of reflection]

   It reflects blocked missile attacks.
   Int:       It affects your intelligence (+3).
   rElec:     It insulates you from electricity.
   SH:        It affects your SH (+5).
Wands
 b - a wand of iceblast (15)
 c - a wand of acid (11)
 l - a wand of digging (4)
 t - a wand of mindburst (13)
Scrolls
 e - a scroll of fog {unknown}
 h - 6 scrolls of teleportation
 k - 3 scrolls of vulnerability
 n - a scroll of amnesia
 v - 2 scrolls of magic mapping
 x - 2 scrolls of identify
 z - 2 scrolls of enchant weapon
Potions
 d - 4 potions of mutation
 f - 2 potions of haste
 m - 3 potions of attraction
 p - a potion of flight
 s - a potion of degeneration
 A - a potion of invisibility
 E - a potion of cancellation


   Skills:
 + Level 6.5 Fighting
 - Level 1.7 Dodging
 - Level 1.7 Stealth
 - Level 5.0 Shields
 - Level 6.2 Spellcasting
 + Level 8.4 Conjurations
 + Level 8.5 Fire Magic


You had 4 spell levels left.
You knew the following spells:

 Your Spells              Type           Power      Damage    Failure   Level
a - Foxfire               Conj/Fire      100%       2x1d9     1%          1
b - Scorch                Fire           100%       2d10      1%          2
c - Conjure Flame         Conj/Fire      98%        6-21      1%          3
d - Inner Flame           Hex/Fire       71%        N/A       6%          3
e - Flame Wave            Conj/Fire      98%        2d16      3%          4
f - Sticky Flame          Conj/Fire      98%        2d11      3%          4

Your spell library contained the following spells:

 Spells                   Type           Power      Damage    Failure   Level
 Dazzling Flash           Conj/Hex       74%        N/A       7%          3
 Ignite Poison            Fire/Tmut/Pois 59%        N/A       12%         3
 Iskenderun's Mystic Bla  Conj/Tloc      37%        2d9       22%         4
 Animate Dead             Necr           4%         N/A       77%         4
 Starburst                Conj/Fire      49%        6d13      52%         6
 Borgnjor's Vile Clutch   Necr/Erth      4%         N/A       98%         5
 Summon Forest            Summ/Tloc      4%         N/A       98%         5
 Summon Mana Viper        Hex/Summ       9%         N/A       98%         5
 Death Channel            Necr           4%         N/A       100%        6
 Summon Cactus Giant      Summ           4%         N/A       100%        6


Dungeon Overview and Level Annotations

Branches:
Dungeon (9/15)             Temple (0/1) D:7            Lair (0/6) D:8
    Orc: D:9-12

Shops:
D:1 =   D:3 [   D:4 ==   D:6 (   D:8 =

Annotations:
D:9 1 transporter


Innate Abilities, Weirdness & Mutations

You have an increased reservoir of magic. (+10% MP)
You shall have no god before yourself.
Your divine heritage dramatically boosts your attributes as you level up.


Message History

The kobold zaps a wand.
The bolt of acid misses you.
Casting: Scorch (safe; 1% risk of failure)
Confirm with . or Enter, or press ? or * to list all spells.
You feel a strong surge of power!
Flames lash the kobold brigand.
The kobold brigand is moderately wounded.
The kobold brigand's fire resistance burns away.
You block the kobold's attack. The kobold brigand closely misses you.
You block the kobold brigand's attack.
The kobold zaps a wand.
The bolt of acid hits you!
The now-empty wand crumbles to dust.
Casting: Scorch (safe; 1% risk of failure)
Confirm with . or Enter, or press ? or * to list all spells.
You feel a strong surge of power!
Flames lash the kobold brigand.
The kobold brigand is burned terribly!
You kill the kobold brigand!
The kobold throws a stone.
You reflect the stone off an invisible shield around you!
The stone hits the kobold.
You block the kobold's attack.
You miss the kobold.
The kobold is moderately wounded.
The kobold hits you but does no damage. The kobold hits you with a +0 dagger.
You block the kobold's attack.
Casting: Scorch (safe; 1% risk of failure)
Confirm with . or Enter, or press ? or * to list all spells.
You feel a strong surge of power!
Flames lash the kobold.
The kobold explodes!
The fiery explosion engulfs the kobold!!
You kill the kobold!
The fiery explosion engulfs you! You resist.
* * * LOW HITPOINT WARNING * * *
You are engulfed in blazing flames.
You resist.
* * * LOW HITPOINT WARNING * * *
You are engulfed in blazing flames.
You resist.
* * * LOW HITPOINT WARNING * * *
Unknown command.
Unknown command.
Okay, then.
Okay, then.
Okay, then.
You are engulfed in blazing flames.
You resist.
You die...

#####
######.###
#.# #.# .
#.# ©. #.#
... #.#
#######
⌠..C #.#
#.....#
▓▓▓▓▓ #§#
#.#####
§....)#@#
#.#
©_....§§#
##.#####
§.....###
#......#
▓▓▓▓▓▓
...#####
⌠...⌠ ..##
.[.. ..#
©$8 ###
...


There were no monsters in sight!

Vanquished Creatures
  Erica (D:8)
  An ugly thing (D:8)
  Maurice (D:8)
  Maggie (D:6)
  An efreet (D:8)
  Prince Ribbit (D:7)
  Grinder (D:6)
  Sigmund (D:6)
  A wyvern (D:9)
  18 yaks
  Edmund (D:5)
  Duvessa (D:6)
  2 black bears (D:8)
  3 orc warriors
  3 ice beasts
  3 sky beasts
  A centaur (D:6)
  3 kobold brigands
  3 bullfrogs
  6 scorpions
  Dowan (D:6)
  A killer bee (D:8)
  2 howler monkeys
  A centaur zombie (D:5)
  2 hounds (D:5)
  A bullfrog zombie (D:5)
  5 orc priests
  2 jellies
  3 iguanas
  A scorpion zombie (D:5)
  4 orc wizards
  A hound zombie (D:5)
  8 gnolls
  7 adders
  2 white imps
  An ufetubus (D:6)
  An adder zombie (D:5)
  2 worms
  29 orcs
  6 bats
  6 endoplasms
  2 giant cockroaches
  7 goblins
  6 hobgoblins
  4 jackals (D:4)
  2 quokkas
  4 ball pythons
  2 frilled lizards (D:1)
  14 kobolds
  5 rats
185 creatures vanquished.

Vanquished Creatures (collateral kills)
  A bat (D:3)
  5 foxfires (D:8)
6 creatures vanquished.

Vanquished Creatures (others)
  7 bushes (D:8)
  573 foxfires
  6 fungi (D:8)
  8 plants
594 creatures vanquished.

Grand Total: 785 creatures vanquished

Notes
Turn   | Place    | Note
-------+----------+-------------------------------------------
     0 | D:1      | kae the Demigod Fire Elementalist began the quest for the
                  | Orb.
     0 | D:1      | Reached XP level 1. HP: 14/14 MP: 5/5
   150 | D:1      | Reached skill level 1 in Conjurations
   209 | D:1      | Found Daorac's Jewellery Emporium.
  1096 | D:1      | Reached XP level 2. HP: 11/20 MP: 2/7
  1844 | D:2      | Learned a level 2 spell: Scorch
  1959 | D:2      | Reached XP level 3. HP: 26/26 MP: 5/9
  2089 | D:2      | HP: 1/26 [gnoll/+4 halberd (11)]
  3035 | D:2      | Learned a level 3 spell: Conjure Flame
  3306 | D:3      | Reached XP level 4. HP: 25/33 MP: 10/10
  3646 | D:3      | Found Hesar's Antique Armour Shop.
  4842 | D:4      | Reached XP level 5. HP: 20/38 MP: 4/12
  5302 | D:4      | Found Joewk's Jewellery Shoppe.
  5891 | D:4      | Found Ycwix's Jewellery Shoppe.
  6126 | D:4      | Learned a level 3 spell: Inner Flame
  6374 | D:5      | Entered Level 5 of the Dungeon
  6410 | D:5      | Noticed Edmund
  6425 | D:5      | Reached XP level 6. HP: 39/45 MP: 5/14
  6964 | D:5      | Reached XP level 7. HP: 40/50 MP: 9/16
  6969 | D:5      | Learned a level 4 spell: Flame Wave
  7153 | D:5      | Reached skill level 5 in Fire Magic
  7729 | D:5      | Killed Edmund
  8093 | D:6      | Noticed Maggie
  8118 | D:6      | Killed Maggie
  8119 | D:6      | Reached skill level 5 in Spellcasting
  8119 | D:6      | Reached skill level 5 in Conjurations
  8119 | D:6      | Reached XP level 8. HP: 40/57 MP: 13/19
  8296 | D:6      | Noticed Grinder
  8332 | D:6      | Killed Grinder
  8492 | D:6      | Noticed Sigmund
  8509 | D:6      | Killed Sigmund
  8620 | D:6      | Found Bimymi's Antique Weapon Boutique.
  9471 | D:7      | Noticed Duvessa
  9471 | D:7      | Noticed Dowan
  9486 | D:6      | Killed Dowan
  9487 | D:6      | Killed Duvessa
  9913 | D:7      | Found a staircase to the Ecumenical Temple.
 10079 | D:7      | Reached XP level 9. HP: 55/62 MP: 11/22
 10412 | D:7      | Reached skill level 1 in Fighting
 10455 | D:7      | Noticed Prince Ribbit
 10460 | D:7      | Killed Prince Ribbit
 10461 | D:7      | Reached skill level 1 in Shields
 10636 | D:8      | Found Cyttah's Jewellery Emporium.
 10821 | D:8      | Found a staircase to the Lair.
 11267 | D:8      | Noticed Maurice
 11283 | D:8      | Killed Maurice
 11806 | D:8      | Learned a level 4 spell: Sticky Flame
 11903 | D:8      | Identified a scroll of acquirement
 11906 | D:8      | Acquired 1037 gold pieces
 11988 | D:4      | Bought the amulet of Nemelex Xobeh's Scorn {Reflect rElec
                  | Int+3 SH+5} for 653 gold pieces
 12308 | D:8      | Noticed a cyan ugly thing
 12328 | D:8      | Killed a cyan ugly thing
 12329 | D:8      | Reached XP level 10. HP: 44/80 MP: 8/23
 12436 | D:8      | Reached skill level 5 in Fighting
 12790 | D:8      | Reached skill level 5 in Shields
 13031 | D:8      | Noticed Erica
 13044 | D:8      | Killed Erica
 13051 | D:8      | Noticed a cyclops
 13055 | D:8      | Noticed a seven-headed hydra
 14385 | D:9      | Found a transporter.
 14386 | D:9      | Noticed a black mamba
 14389 | D:9      | Noticed a cyclops
 14403 | D:9      | HP: 2/84 [cloud of flame (9)]
 14404 | D:9      | Engulfed by a cloud of flame

Illustrated notes

Levels and vault maps discovered:
D:1:      tarquinn_simple_flora_water_f, layout_loops_corners, serial_shops,
          nicolae_shop_trees
D:2:      layout_rooms
D:3:      layout_loops_ring, serial_shops, nicolae_shop_waterfront
D:4:      cheibrodos_pilgrimage, layout_basic, kennysheep_little_box,
          serial_shops, shop_coins, nicolae_shop_statue_plus,
          nicolae_grassy_gnolls
D:5:      layout_basic, nicolae_yredelemnul_corpse_copse, kennysheep_crisscross,
          kennysheep_generic_room_5, uniq_edmund
D:6:      layout_cave_pods, mainiacjoe_overflow_tiny_flanked,
          mainiacjoe_overflow_catwalk, serial_shops, shop,
          corexii_item_surrounded_by_moat, skrybe_limestone_x, uniq_grinder,
          uniq_sigmund, uniq_maggie
D:7:      layout_rooms, minmay_temple_entry_statues, minmay_misc_feat_encased,
          roderic_malta_cross, nrook_loot_triangle, lemuel_another_geyser,
          uniq_duvessa, uniq_prince_ribbit1
D:8:      minmay_klotski, layout_loops_ring, grunt_lair_entry_orc_guard_hut,
          serial_shops, shop, uniq_maurice, uniq_erica
D:9:      layout_loops_ring, grunt_nemelex_the_gamble

Skill      XL: |  1  2  3  4  5  6  7  8  9 10 |
---------------+-------------------------------+-----
Conjurations   | 1 2 3 4 5 6 7 8 |  8.4
Spellcasting   | 2 3 4 5 6 |  6.2
Fire Magic     | 3 4 5 7 8 |  8.5
Fighting       | 4 6 |  6.5
Shields        | 4 5 |  5.0
Dodging        | |  1.7
Stealth        | |  1.7

Action                   |  1- 3 |  4- 6 |  7- 9 | 10-12 || total
-------------------------+-------+-------+-------+-------++-------
Melee: Staff             |     4 |    28 |    19 |    27 ||    78
       Punch             |       |     3 |       |       ||     3
 Cast: Foxfire           |    76 |    99 |   121 |    47 ||   343
       Scorch            |     4 |    36 |    51 |     8 ||    99
       Conjure Flame     |     1 |       |     4 |     4 ||     9
       Flame Wave        |       |       |     6 |     2 ||     8
       Inner Flame       |       |       |     1 |     3 ||     4
       Sticky Flame      |       |       |       |     8 ||     8
Evoke: Wand              |       |       |       |     6 ||     6
  Use: Scroll            |     4 |     5 |    12 |     2 ||    23
       Potion            |       |     2 |     3 |     1 ||     6
Armor: Leather armour    |     1 |    30 |    15 |       ||    46
       Robe              |     1 |       |       |       ||     1
       Skin              |       |       |     9 |       ||     9
       Steam dragon scal |       |       |     8 |    11 ||    19
Dodge: Dodged            |    14 |    67 |    36 |    17 ||   134
Block: Kite shield       |       |       |    24 |    44 ||    68
       Reflection        |       |       |       |     2 ||     2

Table legend: (Time is in decaauts)
 A = Elapsed time spent in this place.
 B = Non-inter-level travel time spent in this place.
 C = Inter-level travel time spent in this place.
 D = Time resting spent in this place.
 E = Time spent auto-exploring this place.
 F = Levels seen in this place.
 G = Mean time per level.
                   A        B        C        D        E       F      G
               +--------+--------+--------+--------+--------+-----+--------+
         Total |  14430 |  13858 |    572 |   1534 |  10546 |   9 | 1603.3 |
       Dungeon |  14430 |  13858 |    572 |   1534 |  10546 |   9 | 1603.3 |
               +--------+--------+--------+--------+--------+-----+--------+

Top non-repeatable levels by time:
     D:8: 2147 daAuts
     D:1: 2104 daAuts
     D:4: 2063 daAuts
     D:5: 1628 daAuts
     D:6: 1605 daAuts
     D:9: 1493 daAuts
     D:2: 1187 daAuts
     D:3: 1133 daAuts
     D:7: 1066 daAuts
